 Dungeon Crawl Stone Soup version 0.20.1-1-g8b1a95d (webtiles) character file.

276 Zedayar the Ruffian (level 6, -1/59 HPs)
             Began as a Troll Monk on Sept 13, 2017.
             Slain by a gnoll
             ... wielding a +0 halberd
              (10 damage)
             ... on level 4 of the Dungeon.
             The game lasted 00:03:56 (3193 turns).

Zedayar the Ruffian (Troll Monk)                    Turns: 3193, Time: 00:03:56

Health: -1/59      AC:  5    Str: 22    XL:     6   Next: 4%
Magic:  5/5        EV: 11    Int:  6    God:
Gold:   143        SH:  0    Dex: 12    Spells: 5/5 levels left

rFire    . . .     SeeInvis .     - Unarmed
rCold    . . .     Gourm    +   (no shield)
rNeg     . . .     Faith    .   a - +0 robe
rPois    .         Spirit   .   (helmet restricted)
rElec    .         Reflect  .   (no cloak)
rCorr    .         Harm     .   (gloves unavailable)
MR       .....                  (boots unavailable)
Stlth    ++........             (no amulet)
Regen    0.6/turn               (no ring)
MPRegen  0.1/turn               (no ring)

@: no status effects
A: unfitting armour, claws 3, fast metabolism 3, gourmand, regeneration 1,
shaggy fur 1, tough skin 2
a: no special abilities


You were on level 4 of the Dungeon.
You were full.

You visited 1 branch of the dungeon, and saw 4 of its levels.

You collected 143 gold pieces.

Inventory:

Armour
 a - a +0 robe (worn)
Scrolls
 c - 2 scrolls of recharging {unknown}
 d - 5 scrolls of remove curse {unknown}
 f - 2 scrolls of magic mapping {unknown}
 l - 2 scrolls of teleportation {unknown}
 o - 3 scrolls of amnesia {unknown}
 p - a scroll of identify {unknown}
 q - a scroll of enchant weapon {unknown}
 r - a scroll of blinking {unknown}
Potions
 e - 2 potions of lignification {unknown}
 g - a potion of flight {unknown}
 h - a potion of degeneration {unknown}
 j - a potion of magic {unknown}
 k - a potion of mutation {unknown}
 n - 4 potions of might {unknown}
Comestibles
 b - 5 bread rations
 i - a royal jelly
 m - 2 fruits
 s - a meat ration


   Skills:
 + Level 2.7 Fighting
 + Level 3.2 Dodging
 - Level 1.0 Stealth
 * Level 6.0 Unarmed Combat


You had 5 spell levels left.
You didn't know any spells.

Dungeon Overview and Level Annotations

Branches:
Dungeon (4/15)
 Temple: D:4-7

Altars:


Innate Abilities, Weirdness & Mutations

You are too large for most types of armour.
You have claws for hands.
Your metabolism is lightning-fast.
You like to eat raw meat.
Your natural rate of healing is unusually fast.
You are covered in fur. (AC +1)
You have very tough skin. (AC +2)


Message History

You feel stronger. x2
You barely miss the gnoll. The gnoll barely misses you.
The gnoll hits you from afar with a halberd.
* * * LOW HITPOINT WARNING * * *
You scratch the gnoll.
The gnoll is moderately wounded.
The gnoll hits you with a whip.
* * * LOW HITPOINT WARNING * * *
You scratch the gnoll.
The gnoll is heavily wounded.
You feel sick.
You are no longer poisoned.
The gnoll hits you but does no damage. The gnoll barely misses you.
You barely miss the gnoll. You claw the gnoll, but do no damage.
The gnoll is heavily wounded.
The gnoll barely misses you. The gnoll misses you.
You claw the gnoll!
You kill the gnoll!
The gnoll hits you from afar with a halberd!
You die...

###..# ##### #....#
#...# #....# #.###
#...## #...#
##..#########.###
##..............#
##.#.#########...##
#.###..............
##@#.#########.####
##g####### #.####
#ggg....# #.....
#.##.##.# ######
#.......# #
#...g...# #
#.#...#.# #
#.......# #
#.......# #


You could see 4 gnolls.

Vanquished Creatures
  A scorpion (D:3)
  3 gnolls (D:4)
  11 adders
  2 oozes
  2 worms
  A dart slug (D:1)
  2 leopard geckos
  3 orcs (D:3)
  4 bats
  5 giant cockroaches
  11 goblins
  9 hobgoblins
  3 jackals (D:3)
  10 kobolds
  3 quokkas
  A ball python (D:3)
  5 frilled lizards
  7 rats
83 creatures vanquished.

Notes
Turn   | Place    | Note
-------+----------+-------------------------------------------
     0 | D:1      | Zedayar the Troll Monk began the quest for the Orb.
     0 | D:1      | Reached XP level 1. HP: 22/22 MP: 0/0
   137 | D:1      | Reached XP level 2. HP: 29/29 MP: 1/1
   597 | D:1      | Reached XP level 3. HP: 36/36 MP: 2/2
  1158 | D:2      | Reached skill level 4 in Unarmed Combat
  1455 | D:2      | Reached XP level 4. HP: 38/44 MP: 3/3
  2195 | D:3      | Reached skill level 5 in Unarmed Combat
  2232 | D:3      | Reached XP level 5. HP: 45/50 MP: 4/4
  3183 | D:4      | Reached skill level 6 in Unarmed Combat
  3188 | D:4      | Reached XP level 6. HP: 14/59 MP: 5/5
  3193 | D:4      | Slain by a gnoll

Skill      XL: |  1  2  3  4  5 |
---------------+----------------+-----
Unarmed Combat | 4 5 6 |  6.0
Dodging        | 3 |  3.2
Fighting       | |  2.7
Stealth        | |  1.0

Action                   |  1- 3 |  4- 6 || total
-------------------------+-------+-------++-------
Melee: Unarmed           |    95 |   117 ||   212
       Punch             |     1 |     2 ||     3
 Stab: Sleeping          |     3 |     1 ||     4
  Eat: Chunk             |    16 |    15 ||    31
Armor: Robe              |    40 |    36 ||    76
Dodge: Dodged            |    50 |    49 ||    99
